 Dungeon Crawl Stone Soup version 0.27-a0-1612-gde56a17b89 (webtiles) character file.

Game seed: 3211993637078138514

7 Anon1729 the Ducker (level 2, 0/24 HPs)
             Began as a Merfolk Monk on July 21, 2021.
             Was a Believer of Vehumet.
             Slain by a gnoll (8 damage)
             ... on level 1 of the Dungeon.
             The game lasted 00:00:57 (184 turns).

Anon1729 the Ducker (Merfolk Monk)                   Turns: 184, Time: 00:00:58

Health: 0/24       AC:  2    Str: 11    XL:     2   Next: 0%
Magic:  2/2        EV: 14    Int:  9    God:    Vehumet [**....]
Gold:   15         SH:  0    Dex: 16    Spells: 2/2 levels left

rFire    . . .     SeeInvis .     - Unarmed
rCold    . . .     Faith    .   (no shield)
rNeg     . . .     Spirit   .   a - +0 robe
rPois    .         Reflect  .   (no helmet)
rElec    .         Harm     .   (no cloak)
rCorr    .         Rampage  .   (no gloves)
Will     .....                  (no boots)
Stlth    ++........             (no amulet)
HPRegen  0.08/turn              (no ring)
MPRegen  0.08/turn              (no ring)

@: no status effects
A: (nimble swimmer 2), mertail
a: Renounce Religion


You were on level 1 of the Dungeon.
You worshipped Vehumet.
Vehumet was pleased with you.
You visited 1 branch of the dungeon, and saw 1 of its levels.

You collected 15 gold pieces.

Inventory:

Missiles
 b - 41 stones
 c - 12 poisoned darts (quivered)
Armour
 a - a +0 robe (worn)


   Skills:
 - Level 3.3 Fighting
 + Level 4.1 Dodging
 + Level 2.4 Stealth
 - Level 3.3 Unarmed Combat
 * Level 0.5 Spellcasting


You had 2 spell levels left.
You didn't know any spells.
Your spell library was empty.

Dungeon Overview and Level Annotations

Branches:
Dungeon (1/15)

Altars:
Vehumet


Innate Abilities, Weirdness & Mutations

((You are quick and stealthy near water. (Stealth+, EV+, Speed+++)))
Your lower body shifts to a powerful aquatic tail in water.


Message History

You hit the jackal.
You kill the jackal!
Vehumet accepts your kill.
You barely miss the jackal.
The jackal is moderately wounded.
The jackal closely misses you.
You barely miss the jackal.
The jackal is moderately wounded.
The jackal barely misses you. The jackal misses you.
You closely miss the jackal.
The jackal is moderately wounded.
A hobgoblin comes into view.
The jackal barely misses you.
The hobgoblin shouts!
You hit the jackal.
The jackal is almost dead.
The jackal completely misses you.
You hit the jackal.
You kill the jackal!
Vehumet accepts your kill.
You have reached level 2!
Unknown command.
You hit the gnoll.
The gnoll is lightly wounded.
The gnoll hits you with a +0 club.
Throw: 42 stones
Press: ? - help, Q - select action, (/) - cycle Shift-Dir - straight line, f - gnoll
Aim: a gnoll, wielding a +0 club (lightly wounded, 64% to hit)
You throw a stone. The stone barely misses the gnoll.
The stone closely misses the jackal.
The stone closely misses the hobgoblin.
The gnoll hits you with a +0 club.
* * * LOW HITPOINT WARNING * * *
The jackal pauses to sniff the ground.
You see here a quokka corpse.
A goblin comes into view. It is wielding a +0 club.
The goblin shouts!
The goblin hits you but does no damage. The goblin misses you.
The gnoll hits you with a +0 club!
You die...

#.# ...#.
#.###.######## ##..#.
#............. ...#.
#####g######## #...
#h# #.. #.#
#..########.# ####
#..ggh.g....# #...
#..@######### #.##
#....# #.# ##..!# #.#
##..# #.# .#.## #[#
.#...# ######.# #
##.#.# #####....#.#
#. #.#.###.....)....#
#.##.#.##.....P.P...#


You could see a gnoll, a jackal, a hobgoblin and a goblin.

Vanquished Creatures
  An endoplasm (D:1)
  A goblin (D:1)
  2 jackals (D:1)
  A quokka (D:1)
5 creatures vanquished.

Notes
Turn   | Place    | Note
-------+----------+-------------------------------------------
     0 | D:1      | Anon1729 the Merfolk Monk began the quest for the Orb.
     0 | D:1      | Reached XP level 1. HP: 18/18 MP: 1/1
    21 | D:1      | Found a faded altar of an unknown god.
    34 | D:1      | Became a worshipper of Vehumet
    34 | D:1      | Reached * piety under Vehumet
    34 | D:1      | Offered knowledge of Magic Dart by Vehumet.
    34 | D:1      | Reached ** piety under Vehumet
   153 | D:1      | Reached XP level 2. HP: 17/24 MP: 2/2
   184 | D:1      | Slain by a gnoll

Illustrated notes

Levels and vault maps discovered:
D:1:      dpeg_arrival_orchard, layout_loops_ring,
          dreamdust_ecumenical_altar_grove

Action                   || total
-------------------------++-------
Melee: Unarmed           ||    21
Throw: Stone             ||     1
 Stab: Sleeping          ||     1
Armor: Robe              ||     4
Dodge: Dodged            ||    17

Table legend: (Time is in decaauts)
 A = Elapsed time spent in this place.
 B = Non-inter-level travel time spent in this place.
 C = Inter-level travel time spent in this place.
 D = Time resting spent in this place.
 E = Time spent auto-exploring this place.
 F = Levels seen in this place.
 G = Mean time per level.
                   A        B        C        D        E       F      G
               +--------+--------+--------+--------+--------+-----+--------+
         Total |    182 |    182 |      0 |      0 |     89 |   1 |  182.0 |
       Dungeon |    182 |    182 |      0 |      0 |     89 |   1 |  182.0 |
               +--------+--------+--------+--------+--------+-----+--------+

Top non-repeatable levels by time:
     D:1: 182 daAuts
